 Dungeon Sprint DCSS version 0.18.1-5-g4a78601 (webtiles) character file.

57 IcyTea the Grappler (level 3, -3/28 HPs)
             Began as a Draconian Transmuter on May 14, 2016.
             Was an Initiate of Vehumet.
             Slain by a hill giant
             ... wielding a +0 giant club
              (9 damage)
             ... in the Dungeon (Sprint IX: "|||||||||||||||||||||||||||||").
             The game lasted 00:02:44 (282 turns).

IcyTea the Grappler (Draconian Transmuter)           Turns: 282, Time: 00:02:45

Health: -3/28      AC:  9    Str: 12    XL:     3   Next: 73%
Magic:  5/6        EV: 12    Int: 17    God:    Vehumet [......]
Gold:   0          SH:  0    Dex: 11    Spells: 1 memorised, 5 levels left

rFire  . . .     SeeInvis .       - Unarmed
rCold  . . .     Gourm    .     (armour unavailable)
rNeg   . . .     Faith    .     (no shield)
rPois  .         Spirit   .     (helmet restricted)
rElec  .         Dismiss  .     n - +0 cloak
rCorr  .         Reflect  .     (no gloves)
SustAt .         Harm     .     o - +0 pair of boots
MR     .....     NoTele   +     (no amulet)
Stlth  +.........               q - +2 ring of protection
                                p - +3 ring of intelligence

@: appendage, not resistant to hostile enchantments, very unstealthy
A: unfitting armour, horns 2, cold-blooded, AC +5
a: End Transformation, Renounce Religion


You were in the Dungeon.
You worshipped Vehumet.
Vehumet was noncommittal.
You were not hungry.
You had grown temporary horns.
You visited 1 branch

Inventory:

Missiles
 a - 12 arrows
Armour
 n - a +0 cloak (worn)
 o - a +0 pair of boots (worn)
Jewellery
 p - a +3 ring of intelligence (left hand)
 q - a +2 ring of protection (right hand)
Wands
 m - a wand of lightning (7/15)
Scrolls
 i - 2 scrolls of blinking
 k - 3 scrolls of remove curse
 l - 2 scrolls of amnesia
Potions
 d - 5 potions of curing
 e - 3 potions of heal wounds
 f - a potion of haste
 g - 4 potions of magic
 h - a potion of berserk rage
 j - a potion of invisibility
Books
 b - a book of Changes

   Spells                             Type                      Level
   a - Beastly Appendage              Transmutation                1
   b - Sticks to Snakes               Transmutation                2
   c - Spider Form                    Transmutation/Poison         3
   d - Ice Form                       Ice/Transmutation            4
   e - Blade Hands                    Transmutation                5
Comestibles
 c - a bread ration


   Skills:
 - Level 1.1 Fighting
 - Level 1.7 Dodging
 - Level 8.0 Unarmed Combat
 - Level 2.0 Spellcasting
 + Level 2.0 Transmutations


You had 5 spell levels left.
You knew the following spells:

 Your Spells              Type           Power        Failure   Level  Hunger
a - Beastly Appendage     Trmt           #.....       10%         1    #......


Dungeon Overview and Level Annotations

Branches:
Dungeon (1/1)

Altars:
Cheibriados
Dithmenos
Elyvilon
Fedhas
Gozag
Kikubaaqudgha
Makhleb
Nemelex Xobeh
Okawaru
Pakellas
Qazlal
Ru
Sif Muna
Trog
Vehumet
Xom
Yredelemnul
Zin
The Shining One
Beogh
Jiyva
Lugonu


Innate Abilities, Weirdness & Mutations

Your plain brown scales are hard (AC +5).
Your body does not fit into most forms of armour.
You are cold-blooded and may be slowed by cold attacks.
You have a pair of horns on your head.


Message History

Okay, then.
Casting: Beastly Appendage
Confirm with . or Enter, or press ? or * to list all spells.
Okay, then.
Okay, then.
As you open the door, it creaks loudly!
An adder, a gargoyle, an orc warrior, 2 hill giants and a wight come into view.
The orc warrior shouts!
The hill giant shouts!
Casting: Beastly Appendage
Confirm with . or Enter, or press ? or * to list all spells.
You grow a pair of large bovine horns.
The orc warrior hits you but does no damage.
The hill giant hits you with a giant club!!
Ouch! That really hurt!
* * * LOW HITPOINT WARNING * * *
You hit the hill giant.
The hill giant is lightly wounded.
The orc warrior closely misses you.
The hill giant hits you with a giant club!
You die...

▓S▓
▓.▓
▓C▓
▓9▓
▓z▓
▓o▓
▓C▓
▓@▓
▓.▓
▓[▓
▓.▓
▓.▓
▓)▓
▓|▓
▓.▓
▓.▓


You could see 2 hill giants, an orc warrior, a gargoyle, a wight and an adder.

Vanquished Creatures
  A crimson imp (D)
  An adder (D)
  A worm (D)
  A dart slug (D)
  A bat zombie (D)
  A giant cockroach (D)
  2 hobgoblins (D)
  A giant cockroach zombie (D)
  A giant newt (D)
10 creatures vanquished.

Notes
Turn   | Place    | Note
--------------------------------------------------------------
     0 | D        | IcyTea the Draconian Transmuter began the quest for the Orb.
     0 | D        | Reached XP level 1. HP: 16/16 MP: 3/3
     9 | D        | Reached skill level 4 in Unarmed Combat
    33 | D        | Noticed a crimson imp
    40 | D        | Reached skill level 5 in Unarmed Combat
    40 | D        | Reached XP level 2. HP: 23/23 MP: 1/5
    49 | D        | Reached skill level 6 in Unarmed Combat
    74 | D        | Killed a crimson imp
    74 | D        | Reached skill level 8 in Unarmed Combat
    74 | D        | Reached XP level 3. HP: 16/28 MP: 2/6
   224 | D        | Found a glowing silver altar of Zin.
   224 | D        | Found a glowing golden altar of the Shining One.
   224 | D        | Found an ancient bone altar of Kikubaaqudgha.
   224 | D        | Found a basalt altar of Yredelemnul.
   224 | D        | Found a shimmering altar of Xom.
   224 | D        | Found a radiant altar of Vehumet.
   225 | D        | Found an iron altar of Okawaru.
   226 | D        | Found a burning altar of Makhleb.
   227 | D        | Found a deep blue altar of Sif Muna.
   228 | D        | Found a bloodstained altar of Trog.
   229 | D        | Found a sparkling altar of Nemelex Xobeh.
   230 | D        | Found a white marble altar of Elyvilon.
   231 | D        | Found a roughly hewn altar of Beogh.
   232 | D        | Became a worshipper of Vehumet
   234 | D        | Found a viscous altar of Jiyva.
   235 | D        | Found a corrupted altar of Lugonu.
   236 | D        | Found a blossoming altar of Fedhas.
   237 | D        | Found a snail-covered altar of Cheibriados.
   238 | D        | Found a shadowy altar of Dithmenos.
   239 | D        | Found a stormy altar of Qazlal.
   240 | D        | Found an opulent altar of Gozag.
   241 | D        | Found a sacrificial altar of Ru.
   242 | D        | Found an oddly glowing altar of Pakellas.
   280 | D        | Noticed a hill giant
   280 | D        | Noticed a gargoyle
   280 | D        | Noticed an orc warrior
   280 | D        | Noticed a hill giant
   282 | D        | Slain by a hill giant

Skill      XL: |  1  2 |
---------------+-------+-----
Unarmed Combat | 5 8 |  8.0
Fighting       | |  1.1
Dodging        | |  1.7
Spellcasting   | |  2.0
Transmutations | |  2.0

Action                   || total
-------------------------++-------
Melee: Unarmed           ||    50
       Headbutt          ||     2
       Kick              ||     5
       Tailslap          ||     4
 Cast: Beastly Appendage ||     6
Armor: Skin              ||    10
Dodge: Dodged            ||    35
